 Dungeon Crawl Stone Soup version 0.32-a0-5-gbffa963729 (webtiles) character file.

Game seed: 16868745410947943186

60 Flugslaktarn the Trooper (level 3, -4/34 HPs)
             Began as a Minotaur Fighter on Jan 13, 2024.
             Slain by Sigmund
             ... wielding a +0 scythe of venom
              (7 damage)
             ... on level 2 of the Dungeon.
             The game lasted 00:00:45 (1325 turns).

Flugslaktarn the Trooper (Minotaur Fighter)         Turns: 1325, Time: 00:00:46

Health: -4/34      AC:  8    Str: 22    XL:     3   Next: 80%
Magic:  2/2        EV: 14    Int:  5    God:
Gold:   93         SH:  4    Dex:  9    Spells: 2/2 levels left

rFire   . . .        a - +0 war axe
rCold   . . .        c - +0 buckler
rNeg    . . .        b - +0 scale mail
rPois   .            (helmet restricted)
rElec   .            j - +0 cloak
rCorr   .            (no gloves)
SInv    .            (no boots)
Will    .....        (no amulet) Stlth
                     v - +5 ring of evasion
HPRegen 0.25/turn    (no ring)
MPRegen 0.08/turn

%: no passive effects
@: lethally poisoned (-4 -> -9), attractive
A: horns 2, retaliatory headbutt
a: no special abilities


You were on level 2 of the Dungeon.
You visited 1 branch of the dungeon, and saw 2 of its levels.

You collected 93 gold pieces.

Inventory:

Hand Weapons
 a - a +0 war axe (weapon)
Armour
 b - a +0 scale mail (worn)
 c - a +0 buckler (worn)
 j - a +0 cloak (worn)
   (You found it on level 2 of the Dungeon)
Jewellery
 v - a +5 ring of evasion (left hand)
   (You found it on level 1 of the Dungeon)
Scrolls
 g - 6 scrolls of teleportation {unknown}
 h - a scroll of fear {unknown}
Potions
 d - a potion of might
 e - a potion of attraction
 k - a potion of magic {unknown}


   Skills:
 * Level 4.5 Fighting
 * Level 3.5 Axes
 + Level 3.9 Armour
 + Level 4.1 Shields


You had 2 spell levels left.
You didn't know any spells.
Your spell library contained the following spells:

 Spells                   Type           Power      Damage    Failure   Level
 Ensorcelled Hibernation  Hex/Ice        0%         N/A       94%         2
 Passwall                 Erth           0%         N/A       99%         3
 Swiftness                Air            0%         N/A       99%         3


Dungeon Overview and Level Annotations

Branches:
Dungeon (2/15)

Altars:

Shops:
D:1 !!(!*

Annotations:
D:2 Sigmund


Innate Abilities, Weirdness & Mutations

You have a pair of horns on your head.
You reflexively headbutt those who attack you in melee.


Message History

No target in view!
No target in view!
No target in view!
k - a fuming purple potion No target in view!
There is a stone staircase leading down here.
A goblin comes into view. It is wielding a +0 club.
The goblin shouts!
A goblin is nearby!
The goblin barely misses you.
You hit the goblin.
You kill the goblin!
No target in view!
No target in view!
No target in view!
No target in view!
Found an escape hatch in the ceiling.
No target in view!
A quokka comes into view.
You closely miss the quokka. Your headbutt misses the quokka.
The quokka closely misses you. You block the quokka's attack.
You slash the quokka!
You kill the quokka!
No target in view!
No target in view!
No target in view!
There is an escape hatch in the ceiling here.
As you open the door, it creaks loudly!
No target in view!
There is an escape hatch in the ceiling here.
An adder comes into view.
The adder hisses angrily.
An adder is nearby!
You slash the adder!
You kill the adder!
No target in view!
No target in view!
No target in view!
No target in view!
No target in view!
You see here an adder corpse.
You open the door.
A ball python comes into view.
The ball python misses you. The ball python closely misses you.
The ball python misses you. You furiously retaliate!
You headbutt the ball python.
You kill the ball python!
There is an open door here.
You see here an adder corpse.
Things that are here:
a +0 club; a goblin corpse You open the door.
Found a stone staircase leading up.
There is an open door here.
You open the door.
There is an open door here.
Sigmund the Dreaded comes into view.
He is wielding a +0 scythe of venom.
Sigmund shouts!
Sigmund casts a spell at you. The magic dart hits you. Sigmund misses you.
Sigmund barely misses you.
You closely miss Sigmund. You headbutt Sigmund!
Sigmund is moderately wounded.
Sigmund completely misses you.
You barely miss Sigmund.
Sigmund is moderately wounded.
Sigmund hits you with a +0 scythe of venom!
You are poisoned.
You barely miss Sigmund.
Sigmund is moderately wounded.
You feel very sick. Sigmund casts a spell at you.
You are confused.
You are too confused!
You are too confused!
It was a potion of attraction.
You feel attractive to monsters.
You feel very sick.
Sigmund points at you and mumbles some strange words.
The puff of flame hits you.
* * * LOW HITPOINT WARNING * * *
It was a potion of enlightenment.
You feel very buoyant.
You fly up into the air.
* * * LOW HITPOINT WARNING * * *
You feel sick.
Sigmund screams, "You will never...
NEVER!!!"
Sigmund gestures at you while chanting. The puff of flame hits you.
* * * LOW HITPOINT WARNING * * *
It was a potion of cancellation.
Your magical effects are unravelling.
You feel magically purged.
You float gracefully downwards.
You feel less confused.
Your enlightenment fades.
* * * LOW HITPOINT WARNING * * *
You feel sick.
Sigmund hits you with a +0 scythe of venom!
You die...
Sigmund begins carving another notch in his scythe.

### ### #.# ##########.#
..####..........#
#.#...........#.#
#.#.##.######.#@# #.#.#
#.#@.......
#.#รท##+######.#########
#.#.#.........#
##.#.#.........#
.....#.........#
...............#
.#.............#
.#...#.........#


You could see Sigmund.

Vanquished Creatures
  2 adders (D:2)
  3 endoplasms
  3 giant cockroaches (D:1)
  6 goblins
  4 hobgoblins
  2 quokkas
  4 ball pythons
  4 bats (D:1)
  4 frilled lizards
  3 kobolds (D:1)
  5 rats
40 creatures vanquished.

Notes
Turn   | Place    | Note
-------+----------+-------------------------------------------
     0 | D:1      | Flugslaktarn the Minotaur Fighter began the quest for the
                  | Orb.
     0 | D:1      | Reached XP level 1. HP: 19/19 MP: 0/0
    33 | D:1      | Found Cituada's Distillery.
    67 | D:1      | Found Waefriec's General Store.
   127 | D:1      | Found Atsogi's Weapon Shoppe.
   164 | D:1      | Reached XP level 2. HP: 17/27 MP: 1/1
   213 | D:1      | Found Myilunno's Distillery.
   250 | D:1      | Found Piadov's Distillery.
   800 | D:2      | Reached XP level 3. HP: 33/33 MP: 2/2
   929 | D:2      | Found a faded altar of an unknown god.
   935 | D:2      | Identified the +6 falchion of the Middle {spect, rElec
                  | rPois rC+ Dex-5}
  1317 | D:2      | Noticed Sigmund
  1325 | D:2      | Slain by Sigmund

Illustrated notes

Levels and vault maps discovered:
D:1:      elethiomel_arrival_maze, layout_rooms, serial_shops,
          nicolae_shop_bloodbath_and_beyond, shop, shop,
          nicolae_shop_waterfront, nicolae_shop_tiny_glass
D:2:      layout_basic, hellmonk_ecumenical_altar_lost_god, uniq_sigmund

Skill      XL: |  1  2  3 |
---------------+----------+-----
Fighting       | 4 |  4.5
Axes           | 3 |  3.5
Shields        | 4 |  4.1
Armour         | |  3.9

Action                     || total
---------------------------++-------
  Melee: War axe           ||    66
         Headbutt          ||     6
    Use: Potion            ||     3
 Armour: Scale mail        ||    30
  Dodge: Dodged            ||    45
  Block: Buckler           ||    10

Table legend: (Time is in decaauts)
 A = Elapsed time spent in this place.
 B = Non-inter-level travel time spent in this place.
 C = Inter-level travel time spent in this place.
 D = Time resting spent in this place.
 E = Time spent auto-exploring this place.
 F = Levels seen in this place.
 G = Mean time per level.
                   A        B        C        D        E       F      G
               +--------+--------+--------+--------+--------+-----+--------+
         Total |   1349 |   1317 |     32 |      0 |   1085 |   2 |  674.5 |
       Dungeon |   1349 |   1317 |     32 |      0 |   1085 |   2 |  674.5 |
               +--------+--------+--------+--------+--------+-----+--------+

Top non-repeatable levels by time:
     D:1: 785 daAuts
     D:2: 563 daAuts
